 Dungeon Crawl Stone Soup version 0.20-a0-893-g832831a (webtiles) character file.

92 4thArraOfDagon the Chopper (level 4, -6/60 HPs)
             Began as a Hill Orc Berserker on Mar 17, 2017.
             Was a Follower of Trog.
             Mangled by an ice beast (12 damage)
             ... on level 3 of the Dungeon.
             The game lasted 00:01:54 (507 turns).

4thArraOfDagon the Chopper (Hill Orc Berserker)      Turns: 507, Time: 00:01:56

Health: -6/60      AC:  2    Str: 25    XL:     4   Next: 60%
Magic:  4/4        EV: 12    Int:  7    God:    Trog [*.....]
Gold:   50         SH:  0    Dex: 10    Spells: 3/3 levels left

rFire    . . .     SeeInvis .   a - +0 hand axe
rCold    . . .     Gourm    .   b - +0 animal skin
rNeg     . . .     Faith    .   (no shield)
rPois    .         Spirit   .   (no helmet)
rElec    .         Reflect  .   (no cloak)
rCorr    .         Harm     .   (no gloves)
MR       .....                  (no boots)
Stlth    ..........             (no amulet)
Regen    0.2/turn               (no ring)
MPRegen  0.1/turn               (no ring)

@: berserking (expiring), very quick
A: no striking features
a: Berserk, Burn Spellbooks, Renounce Religion


You were on level 3 of the Dungeon.
You worshipped Trog.
Trog was aware of your devotion.
You were very hungry.

You visited 1 branch of the dungeon, and saw 3 of its levels.

You collected 50 gold pieces.

Inventory:

Hand Weapons
 a - a +0 hand axe (weapon)
Armour
 b - a +0 animal skin (worn)
Scrolls
 g - 3 scrolls of amnesia {unknown}
 h - a scroll of teleportation {unknown}
 i - a scroll of enchant weapon {unknown}
 l - a scroll of identify {unknown}
 n - a scroll of random uselessness {unknown}
 o - a scroll of remove curse {unknown}
Potions
 d - a potion of heal wounds {unknown}
 e - a potion of brilliance {unknown}
 f - 2 potions of haste {unknown}
 j - a potion of mutation {unknown}
 k - a potion of might {unknown}
Comestibles
 c - a bread ration


   Skills:
 + Level 4.1 Fighting
 * Level 5.4 Axes
 + Level 2.9 Armour
 + Level 2.2 Dodging


You had 3 spell levels left.
You didn't know any spells.

Dungeon Overview and Level Annotations

Branches:
Dungeon (3/15)

Altars:
Dithmenos
Qazlal
Wu Jian


Message History

The ice beast is heavily wounded.
The ice beast hits you but does no damage.
You hit the ice beast.
The ice beast is heavily wounded.
You hit the ice beast.
The ice beast is severely wounded.
The ice beast hits you. The ice beast freezes you.
* * * LOW HITPOINT WARNING * * *
You closely miss the ice beast.
The ice beast is severely wounded.
The ice beast hits you.
* * * LOW HITPOINT WARNING * * *
The ice beast freezes you!
* * * LOW HITPOINT WARNING * * *
You barely miss the ice beast.
The ice beast is severely wounded.
The ice beast hits you.
* * * LOW HITPOINT WARNING * * *
The ice beast freezes you!
You die...

#<# #.######...#####.#
##.# #.#...............
...# #................
##.#####.#.....)....(...
#.........##.#....###.
###..##.##.##.......#
≈≈≈≈≈##.##.##.#..$..#
≈###≈...##.##.#..†..#
≈≈≈≈≈#####.##...@...#
≈≈#≈≈.####.##.#Y###.# ≈
#≈≈......##.#.# ...
#≈≈.####### .. .###
≈≈≈≈≈## ... .# ≈###≈#
.... ≈≈# ..... (###
#..... ##


You could see an ice beast.

Vanquished Creatures
  Natasha (twice) (D:3)
  2 adders (D:2)
  2 worms (D:2)
  A dart slug (D:2)
  A leopard gecko (D:2)
  2 bats (D:2)
  A goblin (D:2)
  2 hobgoblins
  2 kobolds
  A ball python (D:2)
  A frilled lizard (D:2)
  2 rats
19 creatures vanquished.

Notes
Turn   | Place    | Note
-------+----------+-------------------------------------------
     0 | D:1      | 4thArraOfDagon the Hill Orc Berserker began the quest for the Orb.
     0 | D:1      | Reached XP level 1. HP: 19/19 MP: 1/1
   122 | D:2      | Reached XP level 2. HP: 27/27 MP: 2/2
   218 | D:2      | Found a stormy altar of Qazlal.
   222 | D:2      | Found a shadowy altar of Dithmenos.
   231 | D:2      | Found an ornate altar of the Wu Jian Council.
   272 | D:2      | Reached XP level 3. HP: 33/33 MP: 3/3
   439 | D:3      | Noticed Natasha
   448 | D:3      | Killed Natasha
   448 | D:3      | Reached skill level 5 in Axes
   448 | D:3      | Reached XP level 4. HP: 34/40 MP: 4/4
   493 | D:3      | Noticed Natasha
   495 | D:3      | Noticed an ice beast
   498 | D:3      | Killed Natasha
   507 | D:3      | Mangled by an ice beast

Vault maps used:
D:1:      nicolae_arrival_somewhat_less_tricky_arrival, minmay_pentomino_q4
D:2:      lemuel_upstairs_altar, minmay_overflow_temple_star_quad,
          kennysheep_generic_room_14
D:3:      first_bread, minmay_misc_feat_encased, minmay_crystal_water,
          uniq_natasha

Skill      XL: |  1  2  3 |
---------------+----------+-----
Dodging        | 2 |  2.2
Fighting       | 4 |  4.1
Axes           | 5 |  5.4
Armour         | |  2.9

Action                   |  1- 3 |  4- 6 || total
-------------------------+-------+-------++-------
Melee: Hand axe          |    56 |    12 ||    68
Invok: Berserk           |     5 |     1 ||     6
  Eat: Chunk             |     2 |     1 ||     3
Armor: Animal skin       |     9 |     1 ||    10
Dodge: Dodged            |    31 |     2 ||    33
